AoeStats
← kTo.Dodurga

QS Arena

503650060Analyzed
3v3 RM · 29d ago on Sep 1, 2026· 29m 24s· 6 players
Game mode
Random Map
Map size
Normal (6 player)
Population
200
Speed
Normal
Resources
Standard
Victory
Conquest
Starting age
Dark Age
Ending age
Imperial Age
RankedLock teamsTeams togetherTeam positionsShared explorationLock speedFull tech treeHidden civsTurbo modeCheats
Victory
Defeat
🇹🇷 Dravidians · Türkiye
1048
+14
🇩🇪 Persians · Germany
1018
+15
🇹🇷 Ethiopians · Türkiye
1001
+16
🇨🇳 Goths · China
1060
-18
🇭🇰 Vietnamese · Hong Kong SAR China
993
-15
🇬🇧 Malay · United Kingdom
951
-13
Cainer Rallmund
4:59 Loom
5:21 Loom
8:28 Feudal Age
12:21 Castle Age
10:54 Horse Collar
11:10 Double-Bit Axe
21:46 Heavy Plow
22:34 Bow Saw
22:18 Stone Mining
22:19 Gold Mining
26:47 Imperial Age
24:13 Town Watch
24:54 Town Patrol
26:33 Stone Shaft Mining
26:34 Gold Shaft Mining
27:41 Wheelbarrow
27:38 Scale Barding Armor
27:44 Forging
28:23 Crop Rotation
29:08 Hand Cart
28:18 Elite War Elephant
29:20 Husbandry
29:53 Chain Barding Armor
30:09 Iron Casting
(DB) Eydur
11:34 Feudal Age
15:46 Castle Age
14:09 Double-Bit Axe
14:16 Stone Mining
14:18 Gold Mining
14:11 Horse Collar
24:12 Loom
24:57 Forging
24:48 Padded Archer Armor
29:21 Iron Casting
28:47 Scale Mail Armor
kTo.Dodurga
4:10 Loom
8:58 Feudal Age
12:07 Castle Age
9:54 Double-Bit Axe
10:27 Horse Collar
12:11 Loom
13:16 Bow Saw
15:20 Heavy Plow
18:47 Wheelbarrow
20:20 Fletching
21:27 Ballistics
22:22 Gold Mining
24:02 Hand Cart
24:22 Bodkin Arrow
28:00 Imperial Age
26:14 Padded Archer Armor
26:25 Thumb Ring
26:40 Stone Mining
28:32 Husbandry
29:41 Chemistry
自古多情空餘恨
2:17 Loom
11:40 Feudal Age
12:38 Double-Bit Axe
12:34 Horse Collar
17:11 Castle Age
16:01 Gold Mining
16:02 Stone Mining
18:33 Bow Saw
20:09 Stone Shaft Mining
20:51 Heavy Plow
26:41 Wheelbarrow
26:47 Husbandry
26:58 Bloodlines
28:03 Hand Cart
29:18 Bloodlines
JalalTheDestroyer
1:58 Loom
8:58 Feudal Age
9:35 Wheelbarrow
13:53 Castle Age
12:34 Double-Bit Axe
14:50 Horse Collar
16:14 Bow Saw
20:36 Heavy Plow
23:40 Forging
25:16 Iron Casting
25:08 Hand Cart
林北大帝
8:52 Feudal Age
10:35 Double-Bit Axe
13:28 Castle Age
11:51 Horse Collar
19:26 Wheelbarrow
22:20 Bow Saw
23:40 Heavy Plow
25:27 Stone Mining
25:24 Loom
31:11 Imperial Age
Connection lost

Rejoining the realm…

Still unreachable

The connection could not be restored.

Session expired

The server has moved on; the page needs a fresh start.